 Dungeon Crawl Stone Soup version 0.31-a0-174-g85c54bcb58 (webtiles) character file.

Game seed: 15775435954146533275

8195 Elmgren the Fighter (level 11, -3/105 HPs)
             Began as a Minotaur Berserker on June 15, 2023.
             Was an Elder of Trog.
             Slain by a flying skull (5 damage)
             ... on level 2 of the Abyss.
             The game lasted 00:14:51 (8393 turns).

Elmgren the Fighter (Minotaur Berserker)            Turns: 8393, Time: 00:14:51

Health: -3/105     AC: 19    Str: 26    XL:     11   Next: 6%
Magic:  10/10      EV: 13    Int:  4    God:    Trog [****..]
Gold:   858        SH:  0    Dex: 10    Spells: 10/10 levels left

rFire   . . .        u - +0 war axe
rCold   . . .        (no shield)
rNeg    . . .        e - +1 plate armour
rPois   .            (helmet restricted)
rElec   .            (no cloak)
rCorr   .            (no gloves)
SInv    .            r - +1 pair of boots
Will    .....        f - amulet of regeneration Stlth
                     t - +5 ring of evasion
HPRegen 1.17/turn    (no ring)
MPRegen 0.12/turn

%: no passive effects
@: about to teleport, on berserk cooldown, slowed, very slow
A: horns 2, retaliatory headbutt
a: Renounce Religion, Berserk, Trog's Hand, Brothers in Arms


You were on level 2 of the Abyss.
You worshipped Trog.
Trog was greatly pleased with you.
You visited 1 branch of the dungeon, and saw 9 of its levels.
You visited the Abyss 1 time.

You collected 858 gold pieces.

Inventory:

Hand Weapons
 a - a +1 hand axe
 u - a +0 war axe (weapon)
Armour
 e - a +1 plate armour (worn)
 r - a +1 pair of boots (worn)
Jewellery
 f - an amulet of regeneration (around neck)
 q - a ring of ice
 t - a +5 ring of evasion (left hand)
Wands
 b - a wand of paralysis (6)
 m - a wand of quicksilver (4)
 p - a wand of roots (9)
Scrolls
 c - a scroll of identify
 j - a scroll of teleportation
 s - a scroll of blinking {unknown}
 w - a scroll of enchant weapon
Potions
 d - a potion of brilliance
 g - a potion of resistance {unknown}
 h - a potion of lignification {unknown}
 i - a potion of heal wounds {unknown}
 k - 5 potions of curing
 l - 2 potions of cancellation {unknown}
 n - 2 potions of ambrosia {unknown}
 o - 2 potions of enlightenment {unknown}
 x - 3 potions of haste {unknown}


   Skills:
 + Level 12.4 Fighting
 + Level 12.3 Axes
 + Level 12.0 Armour
 - Level 2.1 Dodging


You had 10 spell levels left.
You didn't know any spells.
Your spell library was empty.

Dungeon Overview and Level Annotations

Branches:
Dungeon (9/15)             Temple (0/1) D:6
   Lair: D:8-11         Orc: D:9-12

Altars:
Elyvilon
Hepliaklqana
Sif Muna
Trog
Uskayaw
Vehumet
Wu Jian
Zin
The Shining One

Shops:
D:1 *   D:6 [   D:8 :

Annotations:
D:4 2 transporters, MrZuerg's ghost, amateur DsHW
D:9 exclusion: statue


Innate Abilities, Weirdness & Mutations

You have a pair of horns on your head.
You reflexively headbutt those who attack you in melee.


Message History

An ettin zombie is nearby!
The ettin zombie hits you! The ettin zombie closely misses you.
You slash the ettin zombie!
The ettin zombie is lightly damaged.
The ettin zombie hits you. x2
You hit the ettin zombie.
The ettin zombie is lightly damaged.
The ettin zombie misses you. The ettin zombie hits you!!
* * * LOW HITPOINT WARNING * * *
You slash the ettin zombie!
The ettin zombie is moderately damaged.
The ettin zombie hits you!!
* * * LOW HITPOINT WARNING * * *
The ettin zombie closely misses you. 3 flying skulls come into view.
The flying skull gives a hideous shriek! x3
You hear a hideous shriek!
An ufetubus comes into view.
The ettin zombie closely misses you.
The ettin zombie hits you but does no damage.
A flying skull comes into view.
The flying skull moves out of view.
Okay, then.
Okay, then.
Okay, then.
Okay, then.
As you read the scroll of teleportation, it crumbles to dust.
You feel strangely unstable.
You feel the power of the Abyss delaying your translocation!
A large abomination comes into view.
The flying skull attacks as you move away!
The flying skull hits you but does no damage. x2
The flying skull hits you.
* * * LOW HITPOINT WARNING * * *
The flying skull hits you.
* * * LOW HITPOINT WARNING * * *
The flying skull hits you.
* * * LOW HITPOINT WARNING * * *
The flying skull hits you.
You die...

#.....# .
..#.. ##......
. #.... #..
......###..##
5...
†#......#.
#... #......
..
#.X##.#.......
#..##.###.##
##...z###..#
###5z@...##
#..#z..###.
###Z##.# #.
#.. . #.# ...#
##. #
####.#...# #
#. ..##.## # #
.. .##. .# .
#.# .


You could see a large abomination, 3 flying skulls, an ufetubus and an ettin
zombie.

Vanquished Creatures
  A centaur warrior (D:9)
  A death knight (D:9)
  A tengu warrior (D:8)
  3 ugly things
  A hornet (D:8)
  3 raiju (Abyss:2)
  10 yaks (D:8)
  2 small abominations (Abyss:2)
  Menkaure (D:4)
  A large abomination (Abyss:2)
  A water moccasin (D:7)
  An orc warrior (D:6)
  4 sky beasts
  A sky beast (shapeshifter) (D:9)
  2 ogres
  5 centaurs
  A bullfrog (D:9)
  3 wights (D:7)
  8 killer bees
  A howler monkey (D:9)
  A jelly (D:7)
  5 hounds
  2 gnoll boudas (D:7)
  An orc priest (D:8)
  4 iguanas
  2 sleepcaps
  8 orc wizards
  A centaur simulacrum (D:9)
  6 adders
  6 gnolls
  A shadow imp (D:8)
  A white imp (D:7)
  2 ufetubi
  4 worms (D:2)
  2 dart slugs
  19 orcs
  6 ball pythons
  5 endoplasms
  4 giant cockroaches
  7 goblins
  9 hobgoblins
  5 jackals (D:1)
  5 quokkas
  4 bats
  5 frilled lizards
  4 kobolds
  6 rats
176 creatures vanquished.

Vanquished Creatures (others)
  An orc wizard (D:4)
1 creature vanquished.

Grand Total: 177 creatures vanquished

Notes
Turn   | Place    | Note
-------+----------+-------------------------------------------
     0 | D:1      | Elmgren the Minotaur Berserker began the quest for the Orb.
     0 | D:1      | Reached XP level 1. HP: 19/19 MP: 0/0
   142 | D:1      | Found Gydaecus's Assorted Antiques.
   561 | D:1      | Reached XP level 2. HP: 25/27 MP: 1/1
   878 | D:2      | Reached XP level 3. HP: 24/33 MP: 2/2
  1127 | D:2      | Reached ** piety under Trog
  1432 | D:2      | Reached XP level 4. HP: 41/41 MP: 3/3
  2053 | D:3      | Found a hazy altar of Hepliaklqana.
  2287 | D:3      | Found a glowing silver altar of Zin.
  2287 | D:3      | Found a white marble altar of Elyvilon.
  2287 | D:3      | Found a glowing golden altar of the Shining One.
  2326 | D:4      | Found a transporter.
  2329 | D:4      | Noticed Menkaure
  2335 | D:4      | Killed Menkaure
  2336 | D:4      | Reached skill level 5 in Fighting
  2336 | D:4      | Reached skill level 5 in Axes
  2336 | D:4      | Reached XP level 5. HP: 39/48 MP: 4/4
  2441 | D:4      | HP: 2/48 [something/puff of flame (3)]
  2614 | D:4      | Reached *** piety under Trog
  2615 | D:4      | Reached XP level 6. HP: 56/56 MP: 5/5
  2856 | D:4      | Reached skill level 5 in Armour
  3110 | D:4      | Found a transporter.
  3113 | D:4      | Noticed MrZuerg's ghost (amateur DsHW)
  3531 | D:5      | Entered Level 5 of the Dungeon
  3951 | D:5      | Reached XP level 7. HP: 31/64 MP: 6/6
  4509 | D:5      | Found an ornate altar of the Wu Jian Council.
  4953 | D:6      | Found a staircase to the Ecumenical Temple.
  5195 | D:6      | Found Benzaiten's Dragon-Slaying Spoils.
  5386 | D:6      | Found a bloodstained altar of Trog.
  5404 | D:6      | Found a shimmering blue altar of Sif Muna.
  5530 | D:6      | Reached XP level 8. HP: 66/73 MP: 7/7
  6094 | D:7      | Found a hide-covered altar of Uskayaw.
  6666 | D:8      | Noticed a hornet
  6671 | D:8      | Killed a hornet
  6672 | D:8      | Reached XP level 9. HP: 83/83 MP: 8/8
  6718 | D:8      | Reached **** piety under Trog
  6796 | D:8      | Noticed a purple ugly thing
  6806 | D:8      | Killed a purple ugly thing
  6843 | D:8      | Found Godurr's Book Emporium.
  7341 | D:9      | Noticed a tengu warrior
  7353 | D:8      | Reached skill level 10 in Fighting
  7470 | D:8      | Reached skill level 10 in Axes
  7472 | D:8      | Reached skill level 10 in Armour
  7479 | D:8      | Killed a tengu warrior
  7480 | D:8      | Reached XP level 10. HP: 31/94 MP: 9/9
  7669 | D:9      | Noticed a centaur warrior
  7675 | D:9      | Killed a centaur warrior
  7679 | D:9      | Noticed a purple ugly thing
  7689 | D:9      | Killed a purple ugly thing
  7755 | D:9      | Noticed a death knight
  7925 | D:9      | Found a radiant altar of Vehumet.
  8198 | D:9      | Found a runed translucent door.
  8230 | D:9      | Noticed a white ugly thing
  8231 | D:9      | Killed a death knight
  8235 | D:9      | Noticed a centaur warrior
  8241 | D:9      | Killed a white ugly thing
  8242 | Abyss:2  | Cast into level 2 of the Abyss (centaur warrior)
  8325 | Abyss:2  | Found a corrupted altar of Lugonu.
  8372 | Abyss:2  | Reached XP level 11. HP: 88/105 MP: 10/10
  8387 | Abyss:2  | HP: 4/105 [ettin zombie (22)]
  8391 | Abyss:2  | Noticed a large abomination
  8393 | Abyss:2  | HP: 5/105 [flying skull (4)]
  8393 | Abyss:2  | HP: 2/105 [flying skull (3)]
  8393 | Abyss:2  | Slain by a flying skull

Illustrated notes

Levels and vault maps discovered:
D:1:      scummos_arrival_gate, layout_loops_corners, serial_shops,
          nicolae_shop_overgrown_old_shop, minmay_liquid_box
D:2:      layout_loops_ring, grunt_decor_junction, guppyfry_early_orc_mine
D:3:      layout_loops_ring, good_gods_mini_temple,
          mainiacjoe_overflow_concentric_impassable
D:4:      layout_layer_cave, gammafunk_ghost_arena, uniq_menkaure
D:5:      minmay_general_purpose_star, layout_basic,
          mainiacjoe_overflow_surrounded_room
D:6:      layout_loops_cross, nzn_overflow_gifts_of_might_and_magic,
          minmay_temple_entry_statues_fountains, grunt_decor_clamped,
          nicolae_shop_dragon_depot
D:7:      layout_loops_corners, amcnicky_altar_gilded, kennysheep_generic_room_6
D:8:      layout_loops_ring, serial_shops, shop
D:9:      minmay_the_grid_triangle_9x9_recursive_2
          [minmay_the_grid_triangle_9x9_prize_center,
          minmay_the_grid_triangle_9x9_subtriangle,
          minmay_the_grid_triangle_9x9_dagger,
          minmay_the_grid_triangle_9x9_shrine], layout_cave_pods,
          vehumet_statue, kb_rosetta
Abyss:2:  base:
D:2

Skill      XL: |  1  2  3  4  5  6  7  8  9 10 11 |
---------------+----------------------------------+-----
Fighting       | 4 5 6 7 9 10 12 | 12.4
Axes           | 4 5 6 7 8 10 12 | 12.3
Armour         | 3 4 5 6 8 10 11 12 | 12.0
Dodging        | |  2.1

Action                     |  1- 3 |  4- 6 |  7- 9 | 10-12 || total
---------------------------+-------+-------+-------+-------++-------
  Melee: Hand axe          |    93 |   123 |    47 |       ||   263
         Headbutt          |    10 |    21 |    33 |    17 ||    81
         Punch             |     3 |       |     1 |       ||     4
         War axe           |       |       |   146 |    85 ||   231
 Invoke: Berserk           |       |     1 |     2 |     3 ||     6
         Trog's Hand       |       |       |       |     1 ||     1
    Use: Scroll            |       |     8 |     4 |     1 ||    13
         Potion            |       |     1 |       |       ||     1
   Stab: Sleeping          |     1 |       |       |       ||     1
 Armour: Animal skin       |     3 |       |       |       ||     3
         Plate armour      |    29 |    98 |   133 |    44 ||   304
  Dodge: Dodged            |    43 |    61 |   134 |    73 ||   311

Table legend: (Time is in decaauts)
 A = Elapsed time spent in this place.
 B = Non-inter-level travel time spent in this place.
 C = Inter-level travel time spent in this place.
 D = Time resting spent in this place.
 E = Time spent auto-exploring this place.
 F = Levels seen in this place.
 G = Mean time per level.
                   A        B        C        D        E       F      G
               +--------+--------+--------+--------+--------+-----+--------+
         Total |   8467 |   8318 |    149 |   1315 |   5754 |  10 |  846.7 |
       Dungeon |   8300 |   8151 |    149 |   1216 |   5754 |   9 |  922.2 |
         Abyss |    167 |    167 |      0 |     99 |      0 |   1 |  167.0 |
               +--------+--------+--------+--------+--------+-----+--------+

Top non-repeatable levels by time:
     D:4: 1240 daAuts
     D:5: 1182 daAuts
     D:7: 987 daAuts
     D:8: 945 daAuts
     D:3: 887 daAuts
     D:1: 867 daAuts
     D:2: 788 daAuts
     D:6: 746 daAuts
     D:9: 653 daAuts
 Abyss:2: 167 daAuts
